 Dungeon Crawl Stone Soup version 0.20-a0-869-gcf33cab (webtiles) character file.

766 Blackhawk the Spear-Bearer (level 7, -5/79 HPs)
             Began as a Merfolk Berserker on Mar 9, 2017.
             Was a Priest of Trog.
             Slain by an ice beast (12 damage)
             ... on level 5 of the Dungeon on Mar 13, 2017.
             The game lasted 00:11:18 (5480 turns).

Blackhawk the Spear-Bearer (Merfolk Berserker)      Turns: 5480, Time: 00:11:20

Health: -5/79      AC:  2    Str: 24    XL:     7   Next: 82%
Magic:  7/7        EV: 13    Int:  6    God:    Trog [***...]
Gold:   197        SH:  0    Dex: 14    Spells: 6/6 levels left

rFire    . . .     SeeInvis .   a - +0 spear
rCold    . . .     Gourm    .   b - +0 animal skin
rNeg     . . .     Faith    .   (no shield)
rPois    .         Spirit   .   (no helmet)
rElec    .         Reflect  .   (no cloak)
rCorr    +         Harm     .   (no gloves)
MR       .....                  (no boots)
Stlth    ..........             (no amulet)
Regen    0.3/turn               p - ring of resist corrosion
MPRegen  0.1/turn               (no ring)

@: berserking, very quick
A: change form in water, swift swim, stealthy swim
a: Berserk, Trog's Hand, Burn Spellbooks, Renounce Religion


You were on level 5 of the Dungeon.
You worshipped Trog.
Trog was most pleased with you.
You were hungry.

You visited 1 branch of the dungeon, and saw 5 of its levels.

You collected 197 gold pieces.

Inventory:

Hand Weapons
 a - a +0 spear (weapon)
Missiles
 d - 151 stones (quivered)
Armour
 b - a +0 animal skin (worn)
 h - a +2 scale mail of cold resistance
Jewellery
 l - a -2 ring of evasion
 p - a ring of resist corrosion (right hand)
Wands
 o - a wand of digging (8/24)
 r - a wand of flame (27/48)
Scrolls
 e - 2 scrolls of magic mapping
 f - 2 scrolls of teleportation
 i - 2 scrolls of identify
 q - 2 scrolls of random uselessness {unknown}
 u - a scroll of amnesia {unknown}
Potions
 k - 3 potions of curing {unknown}
 m - 2 potions of magic {unknown}
 n - 2 potions of degeneration {unknown}
 s - a potion of heal wounds {unknown}
 t - a potion of mutation {unknown}
 v - a potion of haste {unknown}
Comestibles
 c - 3 bread rations
 g - 3 meat rations
 j - 4 royal jellies


   Skills:
 - Level 3.9 Fighting
 + Level 11.9 Polearms
 - Level 1.5 Armour
 - Level 3.1 Dodging


You had 6 spell levels left.
You didn't know any spells.

Dungeon Overview and Level Annotations

Branches:
Dungeon (5/15)
 Temple: D:4-7

Altars:
Ashenzari
Gozag
Makhleb
Okawaru
Uskayaw


Message History

The centaur shoots an arrow.
The arrow barely misses you.
You see here 2 arrows.
You are too injured to fight recklessly!
The centaur unwields an uncursed shortbow.
The centaur misses you. The ice beast closely misses you. The centaur hits you!
* * * LOW HITPOINT WARNING * * *
You hit the centaur.
The centaur is heavily wounded.
The ice beast barely misses you.
You hit the centaur.
The centaur is severely wounded.
The centaur hits you!
* * * LOW HITPOINT WARNING * * *
A red film seems to cover your vision as you go berserk!
You feel yourself moving faster!
You feel mighty!
You are feeling hungry.
The centaur barely misses you. The ice beast hits you.
* * * LOW HITPOINT WARNING * * *
The ice beast freezes you!
You die...

..######## ##....
.........## ##.....
.######...#####......
.....................
#######.#####.#......
#.# #.##..... ####.#
#........ #((..#
#........ #@##.#
#.#######
#...cY...>....#
####.#####.#### #.# #
#.# #.# #.# ..#


You could see an ice beast and a centaur.

Vanquished Creatures
  Duvessa (D:4)
  An ogre (D:3)
  A centaur (D:5)
  Dowan (D:4)
  2 hounds (D:4)
  2 orc priests
  An orc wizard (D:4)
  Terence (D:2)
  3 worker ants
  4 adders
  4 oozes
  2 worms (D:3)
  5 dart slugs
  3 leopard geckos
  11 orcs
  4 ball pythons
  7 bats
  9 giant cockroaches
  8 goblins
  13 hobgoblins
  13 jackals
  5 kobolds
  6 frilled lizards
  A jackal skeleton (D:5)
  A quokka skeleton (D:4)
  11 rats
120 creatures vanquished.

Notes
Turn   | Place    | Note
-------+----------+-------------------------------------------
     0 | D:1      | Blackhawk the Merfolk Berserker began the quest for the Orb.
     0 | D:1      | Reached XP level 1. HP: 18/18 MP: 1/1
   144 | D:1      | Reached XP level 2. HP: 16/24 MP: 2/2
   151 | D:1      | Reached skill level 5 in Polearms
   503 | D:1      | Upgraded the game from 0.20-a0-847-g4f67902 to 0.20-a0-866-gd9c272e
   525 | D:1      | Reached XP level 3. HP: 29/30 MP: 3/3
   616 | D:1      | Reached ** piety under Trog
  1469 | D:2      | Reached XP level 4. HP: 36/37 MP: 4/4
  1507 | D:2      | Reached skill level 6 in Polearms
  1724 | D:2      | Found a shattered altar of Ashenzari.
  2332 | D:2      | Noticed Terence
  2343 | D:2      | Killed Terence
  2343 | D:2      | Reached skill level 7 in Polearms
  2343 | D:2      | Reached XP level 5. HP: 42/42 MP: 5/5
  2793 | D:2      | Found a hide-covered altar of Uskayaw.
  3008 | D:3      | Noticed an ogre
  3023 | D:3      | Killed an ogre
  3023 | D:3      | Reached skill level 8 in Polearms
  3023 | D:3      | Reached XP level 6. HP: 27/48 MP: 6/6
  3152 | D:3      | Found an opulent altar of Gozag.
  3189 | D:3      | Reached *** piety under Trog
  3373 | D:3      | Reached skill level 9 in Polearms
  3668 | D:3      | Upgraded the game from 0.20-a0-866-gd9c272e to 0.20-a0-869-gcf33cab
  3768 | D:4      | Noticed Duvessa
  3768 | D:4      | Noticed Dowan
  3782 | D:4      | Killed Duvessa
  3790 | D:4      | Killed Dowan
  3790 | D:4      | Reached skill level 10 in Polearms
  3790 | D:4      | Reached XP level 7. HP: 48/53 MP: 7/7
  3927 | D:4      | Found a burning altar of Makhleb.
  3927 | D:4      | Found an iron altar of Okawaru.
  4515 | D:4      | Reached skill level 11 in Polearms
  5132 | D:5      | Entered Level 5 of the Dungeon
  5480 | D:5      | Slain by an ice beast

Vault maps used:
D:1:      sevenhm_arrival_forest_fort_small_3, serial_bayou_pond_d,
          minmay_tromino_v4_c
D:2:      lemuel_round_altar, ashenzari_altar_1, uniq_terence
D:3:      first_bread, grunt_gozag_statues
D:4:      gammafunk_temple_overflow_wave, uniq_duvessa
D:5:      uniq_menkaure

Skill      XL: |  1  2  3  4  5  6  7 |
---------------+----------------------+-----
Polearms       | 5 7 8 10 11 | 11.9
Dodging        | 3 |  3.1
Fighting       | |  3.9
Armour         | |  1.5

Action                   |  1- 3 |  4- 6 |  7- 9 || total
-------------------------+-------+-------+-------++-------
Melee: Spear             |   141 |   284 |   157 ||   582
Invok: Berserk           |     1 |     2 |     2 ||     5
  Use: Scroll            |       |     5 |       ||     5
 Stab: Sleeping          |     1 |     1 |     2 ||     4
  Eat: Chunk             |     3 |     8 |     8 ||    19
Armor: Animal skin       |    16 |    17 |     4 ||    37
Dodge: Dodged            |    53 |    98 |    56 ||   207
